 Dungeon Sprint DCSS version 0.30-a0-311-gf115ab0292 (webtiles) character file.

Game seed: 18280468843696907756

16 rocky1 the Ruffian (level 2, 0/25 HPs)
             Began as a Draconian Transmuter on Oct 26, 2022.
             Slain by a white imp (4 damage)
             ... in the Dungeon (Sprint IX: "|||||||||||||||||||||||||||||").
             The game lasted 00:00:27 (210 turns).

rocky1 the Ruffian (Draconian Transmuter)            Turns: 210, Time: 00:00:29

Health: 0/25       AC:  4    Str: 12    XL:     2   Next: 37%
Magic:  4/5        EV: 12    Int: 13    God:
Gold:   0          SH:  0    Dex: 11    Spells: 4/5 levels left

rFire   . . .      SeeInvis .      - Unarmed
rCold   . . .      Faith    .    (no shield)
rNeg    . . .      Spirit   .    (body armour unavailable)
rPois   .          Reflect  .    (helmet restricted)
rElec   .          Harm     .    (no cloak)
rCorr   .          Rampage  .    (no gloves)
Will    .....      NoTele   +    (no boots)
Stlth   +.........               (no amulet)
HPRegen 0.24/turn                (no ring)
MPRegen 0.09/turn                (no ring)

@: no status effects
A: AC +4, unfitting armour, cold-blooded
a: no special abilities


You were in the Dungeon.
You visited 1 branch

Inventory:

Scrolls
 g - a scroll of blinking
Potions
 a - a potion of lignification
 d - a potion of haste
 e - 2 potions of magic
 f - a potion of berserk rage


   Skills:
 + Level 2.9 Fighting
 + Level 2.9 Dodging
 * Level 4.2 Unarmed Combat
 - Level 2.0 Spellcasting
 + Level 2.3 Transmutations


You had 4 spell levels left.
You knew the following spells:

 Your Spells              Type           Power      Damage    Failure   Level
a - Beastly Appendage     Tmut           14%        N/A       10%         1

Your spell library contained the following spells:

 Spells                   Type           Power      Damage    Failure   Level
 Wereblood                Tmut           7%         N/A       14%         2
 Spider Form              Tmut/Pois      4%         N/A       43%         3
 Ice Form                 Ice/Tmut       4%         N/A       83%         4


Dungeon Overview and Level Annotations

Branches:
Dungeon (1/1)

Altars:


Innate Abilities, Weirdness & Mutations

Your plain brown scales are hard. (AC +4)
You cannot fit into any form of body armour.
You are cold-blooded and may be slowed by cold attacks.


Message History

You have reached level 2!
You feel better. The white imp closely misses you.
You barely miss the white imp. Your kick misses the white imp.
The white imp gestures at you. The puff of frost hits you!
You barely miss the white imp.
You tail-slap the white imp, but do no damage.
The white imp gestures at you. The puff of frost hits you!
* * * LOW HITPOINT WARNING * * *
You hit the white imp. Your kick misses the white imp.
The white imp is lightly wounded.
Your horns disappear.
Your talons disappear.
The white imp closely misses you.
You feel much better. The white imp gestures at you.
The puff of frost hits you.
You closely miss the white imp. Your punch misses the white imp.
The white imp hits you. The white imp freezes you.
You feel yourself slow down.
You hit the white imp.
The white imp is lightly wounded.
The white imp spits at you. The white imp gestures at you.
The puff of frost misses you.
You closely miss the white imp.
The white imp is lightly wounded.
You feel yourself speed up. The white imp hits you. The white imp freezes you.
You feel yourself slow down.
* * * LOW HITPOINT WARNING * * *
The white imp closely misses you.
You punch the white imp!
The white imp is severely wounded.
The white imp misses you.
You hit the white imp.
The white imp is almost dead.
You feel yourself speed up. The white imp hits you.
* * * LOW HITPOINT WARNING * * *
The white imp freezes you.
You die...

▓+▓
▓.▓
▓.▓
▓S▓
▓s▓
▓h▓
▓5▓
▓@▓
▓.▓
▓.▓
▓.▓
▓.▓
▓)▓
▓.▓
▓.▓
▓.▓


You could see a scorpion, a hound, an adder and a white imp.

Vanquished Creatures
  An adder (D)
  An endoplasm (D)
  A goblin (D)
  3 kobolds (D)
6 creatures vanquished.

Notes
Turn   | Place    | Note
-------+----------+-------------------------------------------
     0 | D        | rocky1 the Draconian Transmuter began the quest for the
                  | Orb.
     0 | D        | Reached XP level 1. HP: 16/16 MP: 3/3
   190 | D        | Noticed a scorpion
   190 | D        | Noticed a hound
   201 | D        | Reached skill level 4 in Unarmed Combat
   201 | D        | Reached XP level 2. HP: 11/25 MP: 3/5
   203 | D        | HP: 1/25 [white imp/puff of frost (10)]
   210 | D        | Slain by a white imp

Illustrated notes

Levels and vault maps discovered:
D:        linesprint [early_d, line_temple, items_1, d_10, items_2, lair_1,
          lair_end, items_3, orc_1, orc_end, items_4, d_15, swamp_1, shoals_1,
          snake_1, spider_1, d_20, vaults_1, items_5, swamp_end, shoals_end,
          snake_end, spider_end, vaults_end, d_27, items_6, zot_1, zot_end,
          crypt_end, forest_end, elf_end, slime_end, tomb_end, abyss_end,
          pan_hell_end]

Skill      XL: |  1 |
---------------+----+-----
Dodging        | 2 |  2.9
Fighting       | 2 |  2.9
Unarmed Combat | 4 |  4.2
Spellcasting   | |  2.0
Transmutations | |  2.3

Action                   || total
-------------------------++-------
Melee: Unarmed           ||    44
       Tailslap          ||     3
       Kick              ||     1
       Headbutt          ||     1
       Punch             ||     1
 Cast: Beastly Appendage ||     1
  Use: Potion            ||     2
Armor: Skin              ||     3
Dodge: Dodged            ||    20

Table legend: (Time is in decaauts)
 A = Elapsed time spent in this place.
 B = Non-inter-level travel time spent in this place.
 C = Inter-level travel time spent in this place.
 D = Time resting spent in this place.
 E = Time spent auto-exploring this place.
 F = Levels seen in this place.
 G = Mean time per level.
                   A        B        C        D        E       F      G
               +--------+--------+--------+--------+--------+-----+--------+
         Total |    208 |    208 |      0 |    153 |      0 |   1 |  208.0 |
       Dungeon |    208 |    208 |      0 |    153 |      0 |   1 |  208.0 |
               +--------+--------+--------+--------+--------+-----+--------+

Top non-repeatable levels by time:
       D: 208 daAuts
